 Dungeon Crawl Stone Soup version 0.27-a0-972-gd1521fd (webtiles) character file.

Game seed: 14845555234328378540

36 ChiliFlavouring the Skirmisher (level 3, -3/28 (33) HPs)
             Began as a Hill Orc Fighter on Apr 13, 2021.
             Slain by Sigmund
             ... wielding a +0 scythe of protection
              (9 damage)
             ... on level 2 of the Dungeon.
             The game lasted 00:02:37 (1282 turns).

ChiliFlavouring the Skirmisher (Hill Orc Fighter)   Turns: 1282, Time: 00:02:37

HP:   -3/28 (33)    AC:  7    Str: 18    XL:     3   Next: 37%
MP:   3/3           EV:  7    Int:  8    God:
Gold: 64            SH:  9    Dex: 11    Spells: 2/2 levels left

rFire    . . .     SeeInvis .   a - +0 long sword
rCold    . . .     Faith    .   c - +0 kite shield
rNeg     . . .     Spirit   .   b - +0 scale mail
rPois    .         Reflect  .   (no helmet)
rElec    .         Harm     .   (no cloak)
rCorr    .         Rampage  .   (no gloves)
Will     .....                  (no boots)
Stlth    ..........             (no amulet)
HPRegen  0.09/turn              (no ring)
MPRegen  0.08/turn              (no ring)

@: mighty, heavily drained
A: no striking features
a: no special abilities


You were on level 2 of the Dungeon.
You visited 1 branch of the dungeon, and saw 2 of its levels.

You collected 64 gold pieces.

Inventory:

Hand Weapons
 a - a +0 long sword (weapon)
 f - a +1 vorpal mace
Armour
 b - a +0 scale mail (worn)
 c - a +0 kite shield (worn)
Scrolls
 e - a scroll of identify {unknown}
 g - a scroll of teleportation {unknown}
 i - a scroll of blinking {unknown}
 j - a scroll of silence {unknown}
 k - a scroll of vulnerability {unknown}
Potions
 h - a potion of berserk rage {unknown}


   Skills:
 + Level 4.1 Fighting
 + Level 2.8 Long Blades
 + Level 3.7 Armour
 + Level 3.7 Shields


You had 2 spell levels left.
You didn't know any spells.
Your spell library was empty.

Dungeon Overview and Level Annotations

Branches:
Dungeon (2/15)

Altars:

Annotations:
D:2 Sigmund


Message History

You closely miss Sigmund.
Sigmund hits you with a +0 scythe of protection!
* * * LOW HITPOINT WARNING * * *
Sigmund gestures at you while chanting. The magic dart hits you.
* * * LOW HITPOINT WARNING * * *
You block Sigmund's attack.
Things that are here:
a +0 dagger; a goblin skeleton
There is a stone staircase leading up here.
Sigmund barely misses you.
You climb upwards.
There is a stone staircase leading down here.
You start resting.
HP restored.
Okay, then.
Okay, then.
You feel very mighty all of a sudden.
You climb downwards.
Level annotation: Sigmund
There is a stone staircase leading up here.
Sigmund hits you from afar with a +0 scythe of protection!
Sigmund hits you but does no damage. Sigmund gestures at you while chanting.
You resist with significant effort.
You hit Sigmund.
Sigmund is lightly wounded.
Sigmund closely misses you.
You riposte.
You barely miss Sigmund.
Sigmund is lightly wounded.
Sigmund hits you with a +0 scythe of protection.
You barely miss Sigmund.
Sigmund is lightly wounded.
Sigmund hits you with a +0 scythe of protection. x2
* * * LOW HITPOINT WARNING * * *
You are too injured to fight recklessly!
Sigmund casts a spell at himself.
Sigmund flickers and vanishes!
Deactivating autopickup; reactivate with Ctrl-A.
Something hits you!
You die...

#.........# #.........#
#......)..#
##........#########
#..................
#..<...............
#..................
#..)...............
#.@{...)...........
#########.....(...........
.........#.........<......
.........##...............
............##............
............##............
.............#............
..............###...#.###.
..........................


There were no monsters in sight!

Vanquished Creatures
  A dart slug (D:2)
  4 endoplasms
  2 giant cockroaches
  3 goblins
  A hobgoblin (D:1)
  6 jackals (D:1)
  A quokka (D:2)
  3 ball pythons (D:1)
  2 bats (D:1)
  A frilled lizard (D:1)
  3 kobolds
  4 rats (D:1)
31 creatures vanquished.

Vanquished Creatures (others)
  A giant cockroach (D:2)
1 creature vanquished.

Grand Total: 32 creatures vanquished

Notes
Turn   | Place    | Note
-------+----------+-------------------------------------------
     0 | D:1      | ChiliFlavouring the Hill Orc Fighter began the quest for
                  | the Orb.
     0 | D:1      | Reached XP level 1. HP: 19/19 MP: 1/1
   238 | D:1      | Reached XP level 2. HP: 27/27 MP: 2/2
   447 | D:1      | Reached skill level 4 in Fighting
   756 | D:2      | Reached XP level 3. HP: 30/33 MP: 3/3
   999 | D:2      | Noticed Sigmund
  1282 | D:2      | Slain by Sigmund

Illustrated notes

Levels and vault maps discovered:
D:1:      nzn_arrival_settlement, layout_loops_ring
D:2:      layout_rooms, lemuel_flame_loot_1, uniq_sigmund

Skill      XL: |  1  2 |
---------------+-------+-----
Fighting       | 4 |  4.1
Long Blades    | |  2.8
Armour         | |  3.7
Shields        | |  3.7

Action                   || total
-------------------------++-------
Melee: Long sword        ||    76
  Use: Potion            ||     1
Armor: Scale mail        ||    35
Dodge: Dodged            ||    30
Block: Kite shield       ||    44
       Rpst.: Long sword ||     9

Table legend: (Time is in decaauts)
 A = Elapsed time spent in this place.
 B = Non-inter-level travel time spent in this place.
 C = Inter-level travel time spent in this place.
 D = Time resting spent in this place.
 E = Time spent auto-exploring this place.
 F = Levels seen in this place.
 G = Mean time per level.
                   A        B        C        D        E       F      G
               +--------+--------+--------+--------+--------+-----+--------+
         Total |   1321 |   1298 |     23 |    254 |    778 |   2 |  660.5 |
       Dungeon |   1321 |   1298 |     23 |    254 |    778 |   2 |  660.5 |
               +--------+--------+--------+--------+--------+-----+--------+

Top non-repeatable levels by time:
     D:1: 1113 daAuts
     D:2: 207 daAuts
